 Dungeon Crawl Stone Soup version 0.29.1-12-g30fa7ad0bf (webtiles) character file.

Game seed: 17480863829469858537

84 mopl the Grave Robber (level 4, -9/21 HPs)
             Began as a Vine Stalker Necromancer on Jan 16, 2023.
             Mangled by an ice beast (13 damage)
             ... on level 3 of the Dungeon.
             The game lasted 00:04:41 (2015 turns).

mopl the Grave Robber (Vine Stalker Necromancer)    Turns: 2015, Time: 00:04:42

Health: -9/21      AC:  5    Str: 10    XL:     4   Next: 46%
Magic:  0/10       EV: 12    Int: 17    God:
Gold:   116        SH:  0    Dex: 21    Spells: 6/10 levels left

rFire   . . .      SeeInvis .   h - +1 dagger (venom)
rCold   . . .      Faith    .   (no shield)
rNeg    . . .      Spirit   +   a - +0 robe
rPois   .          Reflect  .   q - +0 helmet
rElec   .          Harm     .   p - +0 cloak
rCorr   .          Rampage  .   (no gloves)
Will    +....                   o - +0 pair of boots
Stlth   ++........              (no amulet)
HPRegen 0.87/turn               f - ring of willpower
MPRegen 0.12/turn               l - +6 ring of dexterity

@: no status effects
A: fangs 2, regeneration 1, magic shield, antimagic bite, no potion heal 2
a: no special abilities


You were on level 3 of the Dungeon.
You visited 1 branch of the dungeon, and saw 3 of its levels.

You collected 116 gold pieces.

Inventory:

Hand Weapons
 h - a +1 dagger of venom (weapon)
Armour
 a - a +0 robe (worn)
 o - a +0 pair of boots (worn)
 p - a +0 cloak (worn)
 q - a +0 helmet (worn)
Jewellery
 f - a ring of willpower (left hand)
 l - a +6 ring of dexterity (right hand)
Wands
 s - a wand of quicksilver (9)
Scrolls
 d - a scroll of identify {unknown}
 e - 2 scrolls of enchant weapon {unknown}
 i - a scroll of teleportation {unknown}
 j - a scroll of brand weapon {unknown}
 k - a scroll of enchant armour {unknown}
 r - a scroll of fog {unknown}
 t - a scroll of fear {unknown}
 u - 2 scrolls of blinking {unknown}
Potions
 b - a potion of magic
 c - 2 potions of curing {unknown}
 g - a potion of cancellation {unknown}
 m - a potion of attraction {unknown}
 n - 4 potions of degeneration {unknown}
 v - a potion of lignification {unknown}


   Skills:
 - Level 1.5 Dodging
 - Level 2.4 Stealth
 + Level 3.6 Spellcasting
 + Level 5.0 Necromancy


You had 6 spell levels left.
You knew the following spells:

 Your Spells              Type           Power      Damage    Failure   Level
a - Necrotise             Necr           80%        1d8       2%          1
b - Vampiric Draining     Necr           20%        2d7       6%          3

Your spell library contained the following spells:

 Spells                   Type           Power      Damage    Failure   Level
 Animate Dead             Necr           20%        N/A       22%         4
 Frozen Ramparts          Ice            6%         1d1       45%         3
 Agony                    Necr           20%        N/A       52%         5
 Ice Form                 Ice/Tmut       3%         N/A       86%         4
 Summon Ice Beast         Ice/Summ       3%         N/A       86%         4


Dungeon Overview and Level Annotations

Branches:
Dungeon (3/15)

Altars:
Makhleb
Qazlal
Zin
The Shining One


Innate Abilities, Weirdness & Mutations

You have extremely sharp teeth.
Your natural rate of healing is unusually fast.
When hurt, damage is shared between your health and your magic reserves.
Your bite disrupts and absorbs the magic of your enemies.
Potions cannot restore your health.


Message History

The ice beast barely misses you.
The ice beast writhes in agony.
Your bat skeleton barely misses the ice beast.
Your bat skeleton hits the ice beast but does no damage. x2
The ice beast hits you but does no damage.
The ice beast writhes in agony.
Your bat skeleton hits the ice beast but does no damage. x2
The ice beast hits your bat skeleton.
The ice beast freezes your bat skeleton.
Your bat skeleton resists.
Your bat skeleton is destroyed!
The ice beast writhes in agony.
The ice beast hits you but does no damage.
The ice beast barely resists.
The ice beast hits you. The ice beast freezes you.
The ice beast barely resists.
The ice beast hits you. The ice beast freezes you!
Ouch! That really hurt!
* * * LOW HITPOINT WARNING * * *
You are too injured to fight recklessly!
You closely miss the ice beast.
The ice beast is severely wounded.
The ice beast barely misses you.
You hit the ice beast but do no damage.
The ice beast is poisoned.
You bite the ice beast, but do no damage.
The ice beast is severely wounded.
The ice beast misses you.
You hit the ice beast.
The ice beast looks as sick as possible!
The ice beast is severely wounded.
The ice beast barely misses you.
You hit the ice beast but do no damage.
The ice beast looks as sick as possible!
You bite the ice beast, but do no damage.
The ice beast is severely wounded.
The ice beast hits you.
* * * LOW HITPOINT WARNING * * *
The ice beast freezes you!
Ouch! That really hurt!
You die...

# ..# . ... # ##.## ###
. ...# #A# .♣♣♣♣♣
.#######..###### [.#...#
...^.......###._.# .#
#.#.# ##.## #....#...#
..# #.#.# #..
##...+...+...# #.#[# #.#
#......@Y..# #.#.# #.#
#.##.._..### #.#.# #.#
#.##?##### #.#.# #.#
#.####1# #.#.###### ..#
#.# ### #.#.......
.##### #.#####
#####.#..##### .....##
#.##..# #.).......##..
.###..#
#.###.#####.###.###....#
.# ##.####.#
#.......###.....####


You could see an angel, an Executioner and an ice beast (extremely poisoned).

Vanquished Creatures
  Robin (D:2)
  2 worms (D:2)
  An orc (D:3)
  6 ball pythons
  An endoplasm (D:3)
  2 giant cockroaches (D:2)
  11 goblins
  10 hobgoblins
  2 jackals (D:1)
  2 quokkas (D:1)
  5 bats
  4 frilled lizards
  5 kobolds
  5 rats
57 creatures vanquished.

Vanquished Creatures (collateral kills)
  A giant cockroach (D:1)
  A goblin (D:2)
  A ball python (D:1)
3 creatures vanquished.

Grand Total: 60 creatures vanquished

Notes
Turn   | Place    | Note
-------+----------+-------------------------------------------
     0 | D:1      | mopl the Vine Stalker Necromancer began the quest for the
                  | Orb.
     0 | D:1      | Reached XP level 1. HP: 9/9 MP: 4/4
   185 | D:1      | Reached XP level 2. HP: 10/13 MP: 1/6
   200 | D:1      | You fall into a shaft and drop 1 floor!
   608 | D:1      | Found a faded altar of an unknown god.
   628 | D:1      | Reached XP level 3. HP: 16/16 MP: 2/8
   808 | D:2      | Reached skill level 3 in Spellcasting
   835 | D:2      | Noticed Robin
  1037 | D:1      | Learned a level 3 spell: Vampiric Draining
  1354 | D:2      | Killed Robin
  1480 | D:2      | Found a stormy altar of Qazlal.
  1490 | D:2      | Gained mutation: Your natural rate of healing is unusually
                  | fast. [Vine Stalker growth]
  1490 | D:2      | Reached XP level 4. HP: 21/21 MP: 7/10
  1843 | D:3      | Found a glowing golden altar of the Shining One.
  1897 | D:3      | Reached skill level 5 in Necromancy
  1994 | D:3      | Found a burning altar of Makhleb.
  2000 | D:3      | Noticed an ice beast
  2001 | D:3      | Found a glowing silver altar of Zin.
  2001 | D:3      | Noticed an angel
  2001 | D:3      | Noticed an Executioner
  2015 | D:3      | Mangled by an ice beast

Illustrated notes

Levels and vault maps discovered:
D:1:      scummos_arrival_gate, layout_basic, nicolae_ecumenical_snake_handling
D:2:      kennysheep_the_goblin_king, layout_basic, basic_altar, uniq_robin
D:3:      layout_rooms, mainiacjoe_overflow_paths, lemuel_crystal_altar,
          grunt_temple_overflow_order_and_chaos_2, nicolae_gozag_seed_capital,
          minivault_19, hangedman_decor_opposing, uniq_sigmund

Skill      XL: |  1  2  3  4 |
---------------+-------------+-----
Spellcasting   | 3 |  3.6
Necromancy     | 5 |  5.0
Dodging        | |  1.5
Stealth        | |  2.4

Action                   |  1- 3 |  4- 6 || total
-------------------------+-------+-------++-------
Melee: Unarmed           |    10 |       ||    10
       Bite              |     6 |     9 ||    15
       Punch             |     1 |       ||     1
       Spear             |    29 |     9 ||    38
       Dagger            |       |    27 ||    27
 Cast: Necrotise         |    53 |    24 ||    77
 Stab: Sleeping          |     1 |       ||     1
Armor: Robe              |    20 |     6 ||    26
Dodge: Dodged            |    47 |    20 ||    67
